 Dungeon Crawl Stone Soup version 0.19.1 (webtiles) character file.

81 CanadianGator the Skirmisher (level 4, -1/35 HPs)
             Began as a Demonspawn Abyssal Knight on Nov 29, 2016.
             Was a Follower of Lugonu.
             Slain by a gnoll
             ... wielding a +0 spear
              (5 damage)
             ... on level 2 of the Dungeon.
             The game lasted 00:04:41 (1549 turns).

CanadianGator the Skirmisher (DsAK)                 Turns: 1549, Time: 00:04:42

Health: -1/35      AC:  7    Str: 12    XL:     4   Next: 19%
Magic:  6/6        EV:  9    Int: 13    God:    Lugonu [*.....]
Gold:   88         SH:  3    Dex: 14    Spells: 0 memorised, 3 levels left

rFire  . . .     SeeInvis .     a - +1 falchion
rCold  . . .     Gourm    .     i - +0 scale mail
rNeg   . . .     Faith    .     k - +0 buckler
rPois  .         Spirit   .     (no helmet)
rElec  .         Reflect  .     h - +0 cloak (curse)
rCorr  .         Harm     .     (no gloves)
MR     .....                    (no boots)
Stlth  ..........               g - amulet of regeneration
                                (no ring)
                                (no ring)

@: no status effects
A: wild magic 1, sturdy frame 1
a: Depart the Abyss, Renounce Religion


You were on level 2 of the Dungeon.
You worshipped Lugonu.
Lugonu was aware of your devotion.
You were not hungry.

You visited 1 branch of the dungeon, and saw 2 of its levels.
You visited the Abyss 1 time.

You collected 88 gold pieces.

Inventory:

Hand Weapons
 a - a +1 falchion (weapon)
Armour
 b - a +0 leather armour
 d - a +0 ring mail
 h - a cursed +0 cloak (worn)
 i - a +0 scale mail (worn)
 k - a +0 buckler (worn)
Jewellery
 g - an amulet of regeneration (around neck)
Scrolls
 f - a scroll of fog {unknown}
 n - 3 scrolls of identify {unknown}
Potions
 e - a potion of curing {unknown}
 o - a potion of brilliance {unknown}
Comestibles
 c - a bread ration
 j - 3 chunks of flesh
 l - 2 beef jerkies


   Skills:
 + Level 3.5 Fighting
 + Level 2.3 Long Blades
 + Level 2.6 Armour
 + Level 1.3 Dodging
 + Level 3.3 Invocations


You had 3 spell levels left.
You didn't know any spells.

Dungeon Overview and Level Annotations

Branches:
Dungeon (2/15)

Altars:


Innate Abilities, Weirdness & Mutations

Your movements are slightly less encumbered by armour. (ER -2)
Your spells are a little harder to cast, but a little more powerful.


Message History

The jackal is moderately wounded.
The jackal barely misses you. You block the gnoll's attack.
The gnoll hits you but does no damage. The gnoll closely misses you.
You riposte.
You hit the gnoll but do no damage. You barely miss the jackal.
The jackal is moderately wounded.
You block the jackal's attack. The gnoll hits you but does no damage.
You block the gnoll's attack. The jackal barely misses you.
You riposte.
You completely miss the jackal.
The jackal is moderately wounded.
The gnoll hits you with a flail!
* * * LOW HITPOINT WARNING * * *
The gnoll hits you but does no damage.
The jackal bites you but does no damage.
You block the jackal's attack.
You open the door. The gnoll barely misses you.
You riposte.
You closely miss the gnoll. The jackal bites you.
* * * LOW HITPOINT WARNING * * *
The gnoll hits you from afar with a spear.
You die...

..... ... .# .$. ..# ...
..# #.# #.# . #.# #.#
(.#########'#####.######
.........gh@............
..........g.......#######
.........g........).....#
......)†.........†#####.#
##................# #.#
##...............# #.#
#...............# #.#
..########.......# #.#.#
.. #.......# #.#.#


You could see 3 gnolls and a jackal.

Vanquished Creatures
  Ijyb (D:2)
  2 adders (D:2)
  A gnoll (D:2)
  A dart slug (D:1)
  7 hobgoblins
  2 jackals (D:2)
  3 kobolds (D:1)
  2 bats
  4 goblins
  3 rats
26 creatures vanquished.

Notes
Turn   | Place    | Note
-------+----------+-------------------------------------------
     0 | Abyss:1  | CanadianGator the Demonspawn Abyssal Knight began the quest for the Orb.
     0 | Abyss:1  | Reached XP level 1. HP: 18/18 MP: 2/2
    15 | Abyss:1  | Found a shadowy altar of Dithmenos.
    99 | Abyss:1  | Noticed a bone dragon
   141 | Abyss:1  | Noticed an ice devil
   152 | Abyss:1  | Noticed a thrashing horror
   154 | D:1      | Escaped the Abyss
   326 | D:1      | Gained mutation: Your movements are slightly less encumbered by armour. (ER -2) [demonic ancestry]
   326 | D:1      | Reached XP level 2. HP: 6/24 MP: 3/3
   687 | D:1      | Reached * piety under Lugonu
  1338 | D:2      | Reached skill level 1 in Dodging
  1353 | D:2      | Noticed Ijyb
  1356 | D:2      | Reached XP level 3. HP: 24/29 MP: 5/5
  1364 | D:2      | Gained mutation: Your spells are a little harder to cast, but a little more powerful. [potion of beneficial mutation]
  1369 | D:2      | Killed Ijyb
  1519 | D:2      | Reached XP level 4. HP: 34/35 MP: 6/6
  1549 | D:2      | Slain by a gnoll

Skill      XL: |  1  2  3 |
---------------+----------+-----
Armour         | 2 |  2.6
Long Blades    | 2 |  2.3
Dodging        | 1 |  1.3
Invocations    | 3 |  3.3
Fighting       | |  3.5

Action                   |  1- 3 |  4- 6 || total
-------------------------+-------+-------++-------
Melee: Falchion          |    77 |    21 ||    98
Invok: Depart the Abyss  |     1 |       ||     1
  Use: Potion            |     3 |       ||     3
  Eat: Chunk             |     2 |       ||     2
Armor: Ring mail         |    10 |       ||    10
       Scale mail        |    27 |    20 ||    47
       Skin              |     9 |       ||     9
Dodge: Dodged            |    40 |    19 ||    59
Block: Buckler           |    11 |     8 ||    19
       Rpst.: Falchion   |    17 |     8 ||    25
